 Dungeon Crawl Stone Soup version 0.27-a0-972-gd1521fd518 (webtiles) character file.

Game seed: 228113935847053812

95 kae the Ruffian (level 4, 0/36 HPs)
             Began as a Draconian Transmuter on Apr 13, 2021.
             Was an Initiate of Ru.
             Slain by an orc
             ... wielding a +2 hand axe of electrocution
              (6 damage)
             ... on level 3 of the Dungeon.
             The game lasted 00:01:35 (2474 turns).

kae the Ruffian (Draconian Transmuter)              Turns: 2474, Time: 00:01:35

Health: 0/36       AC:  5    Str: 13    XL:     4   Next: 40%
Magic:  7/7        EV: 12    Int: 13    God:    Ru [......]
Gold:   86         SH:  0    Dex: 12    Spells: 6/7 levels left

rFire    . . .     SeeInvis .     - Unarmed
rCold    . . .     Faith    .   (no shield)
rNeg     . . .     Spirit   .   (armour unavailable)
rPois    .         Reflect  .   (helmet restricted)
rElec    .         Harm     .   (no cloak)
rCorr    .         Rampage  .   (no gloves)
Will     .....                  (no boots)
Stlth    +.........             (no amulet)
HPRegen  0.12/turn              (no ring)
MPRegen  0.10/turn              (no ring)

@: mighty
A: AC +5, unfitting armour, cold-blooded
a: Renounce Religion


You were on level 3 of the Dungeon.
You worshipped Ru.
Ru was noncommittal.
You visited 1 branch of the dungeon, and saw 3 of its levels.

You collected 86 gold pieces.

Inventory:

Scrolls
 a - a scroll of enchant armour
Potions
 c - a potion of might
 d - a potion of cancellation


   Skills:
 + Level 1.8 Fighting
 + Level 2.2 Dodging
 * Level 3.8 Unarmed Combat
 + Level 2.4 Spellcasting
 * Level 3.0 Transmutations


You had 6 spell levels left.
You knew the following spells:

 Your Spells              Type           Power      Damage    Failure   Level
a - Beastly Appendage     Tmut           18%        N/A       7%          1

Your spell library contained the following spells:

 Spells                   Type           Power      Damage    Failure   Level
 Wereblood                Tmut           9%         N/A       11%         2
 Spider Form              Tmut/Pois      2%         N/A       36%         3
 Ice Form                 Ice/Tmut       5%         N/A       78%         4
 Hydra Form               Tmut           4%         N/A       89%         5


Dungeon Overview and Level Annotations

Branches:
Dungeon (3/15)

Altars:
Ru


Innate Abilities, Weirdness & Mutations

Your plain brown scales are hard. (AC +5)
You cannot fit into any form of body armour.
You are cold-blooded and may be slowed by cold attacks.


Message History

You closely miss the adder.
The adder bites you but does no damage. x2
You closely miss the adder. Your punch misses the adder.
The adder bites you but does no damage.
You miss the adder. You tail-slap the adder.
The adder is moderately wounded.
The adder barely misses you.
You closely miss the adder.
The adder is moderately wounded.
The adder bites you.
You are poisoned.
The adder poisons you!
You miss the adder.
The adder is moderately wounded.
You feel sick. The adder barely misses you.
You barely miss the adder.
The adder is moderately wounded.
You feel sick. The adder bites you. x2
* * * LOW HITPOINT WARNING * * *
You barely miss the adder. You tail-slap the adder.
The adder is severely wounded.
You feel sick. The adder misses you.
Okay, then.
You feel very mighty all of a sudden.
You feel sick. The adder barely misses you.
You punch the adder!
You kill the adder!
You feel sick. The bat hits you but does no damage.
Your Transmutations skill increases to level 3!
You closely miss the bat.
You feel sick.
You are no longer poisoned.
The bat barely misses you. The bat hits you.
* * * LOW HITPOINT WARNING * * *
You miss the bat. The bat closely misses you.
You punch the bat!
You kill the bat!
You completely miss the endoplasm. You tail-slap the endoplasm.
You kill the endoplasm!
You barely miss the orc.
The orc hits you with a +2 hand axe of electrocution.
You die...

### ######.#############
#.o@..#.............
###.####.#.#######.###
##### #......>...# #.# #
......#.#b#####..#
####.###
#......####..####.......
#..)...#................
#..................#.###
#.#.....#.##..#####.#.#
# ..#......#.##..# #.#.#
#


You could see an orc.

Vanquished Creatures
  5 adders
  A dart slug (D:2)
  An orc (D:3)
  7 bats
  6 endoplasms
  2 giant cockroaches (D:1)
  4 goblins (D:1)
  2 hobgoblins (D:1)
  7 jackals
  2 quokkas (D:1)
  4 ball pythons
  2 frilled lizards
  A kobold (D:1)
  2 rats
46 creatures vanquished.

Notes
Turn   | Place    | Note
-------+----------+-------------------------------------------
     0 | D:1      | kae the Draconian Transmuter began the quest for the Orb.
     0 | D:1      | Reached XP level 1. HP: 16/16 MP: 3/3
   320 | D:1      | Reached XP level 2. HP: 17/23 MP: 3/5
  1429 | D:2      | Reached XP level 3. HP: 20/28 MP: 4/6
  1595 | D:2      | Found a sacrificial altar of Ru.
  1698 | D:2      | Became a worshipper of Ru the Awakened
  2372 | D:3      | Reached XP level 4. HP: 34/35 MP: 7/7
  2474 | D:3      | Slain by an orc

Illustrated notes

Levels and vault maps discovered:
D:1:      tarquinn_simple_flora_water_a, layout_basic,
          chequers_serial_rivers_small_3
D:2:      layout_loops_ring, basic_altar
D:3:      layout_loops_ring, hellmonk_ecumenical_altar_leap_of_faith,
          feat_on_display, uniq_crazy_yiuf_cottage

Skill      XL: |  1  2  3  4 |
---------------+-------------+-----
Dodging        | 2 |  2.2
Transmutations | 3 |  3.0
Fighting       | |  1.8
Unarmed Combat | |  3.8
Spellcasting   | |  2.4

Action                   |  1- 3 |  4- 6 || total
-------------------------+-------+-------++-------
Melee: Unarmed           |   109 |    25 ||   134
       Kick              |     9 |     3 ||    12
       Headbutt          |     9 |     1 ||    10
       Tailslap          |     4 |     3 ||     7
       Punch             |     1 |       ||     1
 Cast: Beastly Appendage |    21 |     2 ||    23
  Use: Scroll            |     3 |       ||     3
       Potion            |     2 |     1 ||     3
 Stab: Sleeping          |     1 |       ||     1
Armor: Skin              |    57 |     6 ||    63
Dodge: Dodged            |   111 |    17 ||   128

Table legend: (Time is in decaauts)
 A = Elapsed time spent in this place.
 B = Non-inter-level travel time spent in this place.
 C = Inter-level travel time spent in this place.
 D = Time resting spent in this place.
 E = Time spent auto-exploring this place.
 F = Levels seen in this place.
 G = Mean time per level.
                   A        B        C        D        E       F      G
               +--------+--------+--------+--------+--------+-----+--------+
         Total |   2472 |   2369 |    103 |    175 |   1873 |   3 |  824.0 |
       Dungeon |   2472 |   2369 |    103 |    175 |   1873 |   3 |  824.0 |
               +--------+--------+--------+--------+--------+-----+--------+

Top non-repeatable levels by time:
     D:1: 1395 daAuts
     D:2: 863 daAuts
     D:3: 213 daAuts
